 Dungeon Crawl Stone Soup version 0.16-a0-791-gf1c67de (webtiles) character file.

8608 Psiweapon the Covert (level 11, -9/54 HPs)
             Began as a Kobold Enchanter on Sept 28, 2014.
             Was a Priest of Sif Muna.
             Killed from afar by a gargoyle (27 damage)
             ... with a stone arrow
             ... on Level 10 of the Dungeon.
             The game lasted 01:18:05 (12915 turns).

Psiweapon the Covert (Kobold Enchanter)            Turns: 12915, Time: 01:18:06

HP  -9/54        AC 14     Str  7      XL: 11   Next: 59%
MP  13/23        EV 15     Int 16      God: Sif Muna [***...]
Gold 514         SH  0     Dex 17      Spells:  4 memorised, 11 levels left

rFire  . . .     SeeInvis .     g - +1 dagger (protect)
rCold  + + +     Clarity  .     F - +4 skin of Zhor {rC+++}
rNeg   . . .     rCorr    .     (no shield)
rPois  +         rRot     .     R - +1 hat
rElec  .         Spirit   .     (no cloak)
SustAb .         Warding  .     s - +0 pair of gloves
rMut   .         Stasis   .     G - +0 pair of boots
Gourm  .                        (no amulet)
MR     .....                    (no ring)
                                K - cursed ring of poison resistance

@: not resistant to hostile enchantments, extremely stealthy
A: carnivore 3
a: Channel Energy, Forget Spell, Renounce Religion


You were on level 10 of the Dungeon.
You worshipped Sif Muna.
Sif Muna was most pleased with you.
You were not hungry.

You visited 2 branches of the dungeon, and saw 11 of its levels.

You collected 514 gold pieces.

Inventory:

Hand weapons
 a - a +0 dagger of venom
 b - a +0 hand crossbow
 g - a +1 dagger of protection (weapon)
 i - a +2 whip of freezing
 t - a +1 dagger of holy wrath
 P - a +1 whip of flaming
 Q - a +2 dagger of chaos
 Z - a +0 hunting sling
Missiles
 o - 32 bolts of frost
 q - 4 tomahawks (quivered)
 V - 18 silver sling bullets
Armour
 s - a +0 pair of gloves (worn)
 x - a troll hide
 F - the +4 skin of Zhor (worn) {rC+++}
   (You found it on level 6 of the Dungeon)

   It renders you almost immune to cold.
 G - a +0 pair of boots (worn)
 R - a +1 hat (worn)
Magical devices
 S - a wand of flame (8)
 T - a wand of fire (5)
 U - a wand of confusion (7)
 X - a wand of polymorph (12)
Comestibles
 d - 5 meat rations
 D - 11 royal jellies
 Y - a slice of pizza
Scrolls
 f - a scroll of identify
 j - 4 scrolls of teleportation
 v - 3 scrolls of amnesia
 B - 3 scrolls of enchant weapon
 I - 4 scrolls of remove curse
 L - a scroll of magic mapping
 M - a scroll of blinking {unknown}
 N - 2 scrolls of holy word {unknown}
 O - 3 scrolls of noise {unknown}
 W - a scroll of recharging {unknown}
Jewellery
 p - an uncursed ring of ice
 y - an uncursed ring of flight
 J - the ring "Tuamn" {rC+ Str-3 Int+4}
   (You took it off a kobold on level 10 of the Dungeon)

   [ring of protection from cold]

   It affects your strength (-3).
   It affects your intelligence (+4).
   It protects you from cold.
 K - a cursed ring of poison resistance (left hand)
Potions
 e - a potion of heal wounds
 h - a potion of might {unknown}
 k - 4 potions of lignification {unknown}
 l - a potion of magic {unknown}
 m - 6 potions of curing
 n - 2 potions of mutation {unknown}
 r - a potion of poison {unknown}
 w - 2 potions of restore abilities {unknown}
 z - a potion of degeneration {unknown}
 C - a potion of beneficial mutation {unknown}
 E - a potion of flight
 H - 2 potions of agility {unknown}
Books
 c - a book of Maledictions

   Spells                             Type                      Level
   *Corona                            Hexes                        1
   Sure Blade                         Hexes/Charms                 2
   *Ensorcelled Hibernation           Hexes/Ice                    2
   *Confuse                           Hexes                        3
   *Dazzling Spray                    Conjuration/Hexes            3
   Enslavement                        Hexes                        4
 A - a book of Dreams

   Spells                             Type                      Level
   *Ensorcelled Hibernation           Hexes/Ice                    2
   Flight                             Charms/Air                   3
   Phase Shift                        Translocation                5
   Shadow Creatures                   Summoning                    5
   Mass Confusion                     Hexes                        6
   Darkness                           Hexes                        7
Magical staves
 u - an uncursed staff of conjuration


   Skills:
 - Level 10.1 Short Blades
 - Level 2.4 Dodging
 + Level 13.9 Stealth
 - Level 5.1 Spellcasting
 - Level 5.0 Conjurations
 + Level 7.8 Hexes
 - Level 5.6 Ice Magic


You had 11 spell levels left.
You knew the following spells:

 Your Spells              Type           Power        Failure   Level  Hunger
c - Corona                Hex            ####...      1%          1    None
C - Confuse               Hex            ####....     1%          3    ###....
D - Dazzling Spray        Conj/Hex       ###.....     3%          3    ###....
H - Ensorcelled Hibernat  Hex/Ice        ####..       1%          2    #......


Dungeon Overview and Level Annotations

Branches:
Dungeon (10/15)            Temple (1/1) D:6             Orc (0/4) D:9
   Lair (0/8) D:10

Altars:
Ashenzari
Cheibriados
Dithmenos
Elyvilon
Fedhas
Gozag
Kikubaaqudgha
Makhleb
Nemelex Xobeh
Okawaru
Qazlal
Ru
Sif Muna
Trog
Vehumet
Xom
Yredelemnul
Zin
The Shining One

Annotations:
D:6 exclusions: electric eel and 1 more exclusion


Innate Abilities, Weirdness & Mutations

You are small and have problems with some larger weapons.
You are carnivorous and can eat meat at any time.


Message History

Casting: Confuse
Confirm with . or Enter, or press ? or * to list all spells.
Aiming: Confuse
Press: ? - help, Shift-Dir - straight line, f/p - gargoyle
Aim: a gargoyle, wielding a mace The gargoyle is unaffected.
The gargoyle hurls a stone arrow at you.
The stone arrow hits you!
Wield which item (- for none, * to show all)? (? for menu, Esc to quit)
Your +0 dagger of venom stops dripping with poison.
You feel protected!
g - a +1 dagger of protection (weapon)
The gargoyle hurls a stone arrow at you.
The stone arrow hits you!
* * * LOW HITPOINT WARNING * * *
A hill giant comes into view. It is wielding a giant spiked club.
The gargoyle hurls a stone arrow at you.
The stone arrow hits you!
Ouch! That really hurt!
You die...

.........# #......#
#....... .>.......#
####'### #.......
.....P..## #.#
#....... .......##
#.# #.......
......## #.#
#....... ....### #.#
#....... #.### #.#
#.......
#.################.#
########
#........C.9....@..#
#
#########.##########
#.# #.########
###### #9#<))(.)#
#..... #..(.9.#.#
#.#### ######.#.#
#.# #.#.# #####.#
#.#.# #.....#


You could see a hill giant and a gargoyle.

Vanquished Creatures
  An unseen horror (D:10)
  Pikel (D:7)
  A centaur zombie (D:10)
  An elephant (D:10)
  Joseph (D:8)
  Psyche (D:8)
  A troll (D:9)
  4 yaks (D:10)
  Eustachio (D:6)
  A deep elf mage (D:9)
  2 hippogriffs
  A soldier ant (D:9)
  A water moccasin (D:10)
  An orc warrior (D:7)
  2 ice beasts (D:5)
  5 ogres
  3 phantoms (D:8)
  3 sky beasts
  A slave (D:7)
  A centaur (D:6)
  A crocodile (D:10)
  Duvessa (D:6)
  The ghost of Psiweapon the Sneak, an average KoEn (D:4)
  2 big kobolds
  Blork the orc (D:6)
  7 giant frogs
  A gnoll sergeant (D:8)
  4 scorpions
  9 wights
  An eye of draining (D:9)
  6 killer bees (D:8)
  A troll skeleton (D:10)
  8 jellies
  Dowan (D:6)
  4 hounds
  2 crimson imps
  A giant frog zombie (D:8)
  5 goliath beetles
  4 orc priests
  A centaur skeleton (D:5)
  6 worker ants
  4 orc wizards
  A black bear skeleton (D:8)
  An iguana (D:5)
  A sheep (D:9)
  A killer bee zombie (D:5)
  Ijyb (D:5)
  An ogre zombie (D:10)
  2 mummies
  9 gnolls
  6 adders
  A giant mite (D:2)
  3 shadow imps
  2 worms
  An orc skeleton (D:8)
  2 iguana skeletons
  4 giant geckos
  7 oozes
  30 orcs
  7 giant cockroaches
  9 hobgoblins
  19 jackals
  26 kobolds
  A ball python (D:3)
  12 bats
  4 giant newts
  A giant spore (D:7)
  A gnoll skeleton (D:8)
  8 goblins
  3 hobgoblin skeletons
  2 quokkas
  6 rats
  A rat skeleton (D:5)
  5 ballistomycetes (D:7)
282 creatures vanquished.

Vanquished Creatures (others)
  A slave (D:7)
  An adder (D:7)
  A bat (D:8)
3 creatures vanquished.

Grand Total: 285 creatures vanquished

Notes
Turn   | Place    | Note
--------------------------------------------------------------
     0 | D:1      | Psiweapon, the Kobold Enchanter, began the quest for the Orb.
     0 | D:1      | Reached XP level 1. HP: 10/10 MP: 3/3
   500 | D:1      | Reached XP level 2. HP: 15/15 MP: 4/4
   511 | D:1      | Learned a level 2 spell: Ensorcelled Hibernation
  1048 | D:2      | Found a stormy altar of Qazlal.
  1119 | D:2      | Reached skill level 5 in Stealth
  1269 | D:2      | Reached XP level 3. HP: 16/19 MP: 3/6
  1959 | D:3      | Reached XP level 4. HP: 20/24 MP: 4/7
  2086 | D:3      | Found a burning altar of Makhleb.
  2105 | D:3      | HP: 1/24 [hound (3)]
  2700 | D:3      | Reached skill level 5 in Hexes
  2700 | D:3      | Reached XP level 5. HP: 28/28 MP: 6/9
  2770 | D:3      | Reached skill level 1 in Ice Magic
  3372 | D:3      | Found a deep blue altar of Sif Muna.
  3375 | D:3      | Found a white marble altar of Elyvilon.
  3375 | D:3      | Found an iron altar of Okawaru.
  3380 | D:3      | Became a worshipper of Sif Muna the Loreminder
  3658 | D:4      | Reached XP level 6. HP: 32/32 MP: 10/10
  3738 | D:4      | Found a bloodstained altar of Trog.
  3745 | D:4      | Noticed Psiweapon's ghost (average KoEn)
  3784 | D:4      | Killed Psiweapon's ghost
  4272 | D:4      | Reached XP level 7. HP: 36/36 MP: 9/12
  4378 | D:4      | Found a glowing silver altar of Zin.
  4580 | D:5      | Entered Level 5 of the Dungeon
  4600 | D:5      | Learned a level 3 spell: Confuse
  4604 | D:5      | Learned a level 3 spell: Dazzling Spray
  4972 | D:5      | Acquired Sif Muna's first power
  4972 | D:5      | Reached skill level 5 in Ice Magic
  5774 | D:6      | Found a staircase to the Ecumenical Temple.
  5810 | Temple   | Entered the Ecumenical Temple
  5916 | D:6      | Noticed Ijyb
  5927 | D:6      | Noticed Blork the orc
  5962 | D:5      | Killed Ijyb
  6062 | D:5      | Reached skill level 1 in Conjurations
  6240 | D:6      | Noticed Eustachio
  6249 | D:6      | Killed Eustachio
  6249 | D:6      | Reached skill level 6 in Stealth
  6249 | D:6      | Reached XP level 8. HP: 41/41 MP: 7/13
  6284 | D:5      | Reached skill level 7 in Stealth
  6513 | D:6      | Reached skill level 8 in Stealth
  6612 | D:6      | Killed Blork the orc
  6651 | D:6      | Found a shimmering altar of Xom.
  6651 | D:6      | Found a shimmering altar of Xom.
  6853 | D:6      | Found a shimmering altar of Xom.
  6854 | D:6      | Found a shimmering altar of Xom.
  6861 | D:6      | Found a shimmering altar of Xom.
  7023 | D:6      | Noticed Duvessa
  7023 | D:6      | Noticed Dowan
  7033 | D:6      | Killed Duvessa
  7033 | D:6      | Reached skill level 9 in Stealth
  7033 | D:6      | Reached XP level 9. HP: 30/45 MP: 6/14
  7039 | D:6      | Killed Dowan
  7670 | D:7      | Reached skill level 5 in Conjurations
  7701 | D:7      | Acquired Sif Muna's second power
  7735 | D:7      | Reached skill level 10 in Stealth
  8204 | D:7      | Noticed Pikel
  8236 | D:7      | Killed Pikel
  8236 | D:7      | Reached skill level 11 in Stealth
  8400 | D:7      | Found a shadowy altar of Dithmenos.
  8669 | D:8      | Noticed Psyche
  8674 | D:8      | Killed Psyche
  8674 | D:8      | Reached skill level 5 in Spellcasting
  8674 | D:8      | Reached XP level 10. HP: 50/50 MP: 20/22
  9156 | D:8      | Reached skill level 5 in Short Blades
  9254 | D:8      | Noticed Joseph
  9868 | D:8      | Found an ancient bone altar of Kikubaaqudgha.
 10655 | D:8      | Killed Joseph
 10655 | D:8      | Reached skill level 10 in Short Blades
 11035 | D:9      | Found a sparkling altar of Nemelex Xobeh.
 11066 | D:9      | Reached skill level 12 in Stealth
 11173 | D:9      | Reached XP level 11. HP: 50/54 MP: 16/23
 11333 | D:9      | Found a staircase to the Orcish Mines.
 11383 | D:9      | Found a snail-covered altar of Cheibriados.
 11431 | D:9      | Found a sacrificial altar of Ru.
 11705 | D:10     | Entered Level 10 of the Dungeon
 11751 | D:10     | Found a staircase to the Lair.
 11788 | D:10     | Reached skill level 13 in Stealth
 12148 | D:10     | Noticed an unseen horror
 12154 | D:10     | Killed an unseen horror
 12185 | D:10     | Got a transparent golden ring
 12350 | D:10     | Identified the ring "Tuamn" {rC+ Str-3 Int+4} (You took it off a kobold on level 10 of the Dungeon)
 12908 | D:10     | Noticed a hill giant
 12915 | D:10     | Killed from afar by a gargoyle

Action                   |  1- 3 |  4- 6 |  7- 9 | 10-12 || total
-------------------------+-------+-------+-------+-------++-------
Melee: Dagger            |    71 |    64 |   269 |   269 ||   673
       Whip              |       |    10 |       |       ||    10
 Fire: Hand crossbow     |       |       |       |     3 ||     3
Throw: Tomahawk          |       |       |     3 |       ||     3
 Cast: Corona            |     3 |     3 |     3 |     4 ||    13
       Ensorcelled Hiber |    14 |    38 |    60 |    57 ||   169
       Dazzling Spray    |       |       |    38 |    50 ||    88
       Confuse           |       |       |     3 |    53 ||    56
Invok: Channel Energy    |       |       |    52 |   125 ||   177
Evoke: Wand              |       |       |     1 |     6 ||     7
  Use: Scroll            |     5 |     3 |     4 |     4 ||    16
       Potion            |       |       |       |     4 ||     4
 Stab: Sleeping          |    16 |    34 |    52 |    75 ||   177
       Invisible         |       |       |    12 |    10 ||    22
       Confused          |       |       |     3 |    18 ||    21
       Distracted        |       |       |     1 |     2 ||     3
  Eat: Chunk             |    11 |    12 |    30 |    39 ||    92
